 Dungeon Crawl Stone Soup version bcrawl-1.27.6 (webtiles) character file.

Game seed: 8247351113567184525

222536 Flugkiller the Zephyrmancer (level 8, -5/44 HPs)
             Began as a Skeleton Air Elementalist on Sept 19, 2020.
             Slain by a centaur
             ... wielding a +1 quarterstaff of crushing
              (13 damage)
             ... on level 6 of the Dungeon.
             The game lasted 00:10:47 (6678 turns).

Flugkiller the Zephyrmancer (SkAE)                  Turns: 6678, Time: 00:10:48

Health: -5/44      AC: 11    Str: 14    XL:     8   Next: 85%
Magic:  0/16       EV: 13    Int: 17    God:
Gold:   347        SH:  0    Dex:  9    Spells: 8/18 levels left

rFire    . . .     SeeInvis .   g - +1 short sword (speed)
rCold    + . .     Gourm    .   (no shield)
rNeg     + + +     Faith    .   m - +0 leather armour
rPois    ∞         Spirit   +   d - +0 helmet
rElec    .         Reflect  .   (no cloak)
rCorr    .         Harm     .   i - +0 pair of gloves
MR       +....                  (no boots)
Stlth    ++........             (no amulet)
HPRegen  0.14/turn              j - ring of wizardry
MPRegen  0.15/turn              k - +6 ring of protection

@: no status effects
A: no food or potions, cold resistance 1, deterioration 1, negative energy
resistance 3, powered by death 1, torment resistance, unbreathing, magic shield,
sturdy frame 1, spell healing
a: no special abilities


You were on level 6 of the Dungeon.
You were not hungry.

You visited 1 branch of the dungeon, and saw 6 of its levels.

You collected 347 gold pieces.

Inventory:

Hand Weapons
 g - a +1 short sword of speed (weapon)
   (You took it off a kobold on level 2 of the Dungeon)
Missiles
 s - 3 throwing nets {=f}
Armour
 d - a +0 helmet (worn)
   (You took it off Robin on level 2 of the Dungeon)
 i - a +0 pair of gloves (worn)
   (You found it on level 3 of the Dungeon)
 m - a +0 leather armour (worn)
   (You took it off an orc on level 4 of the Dungeon)
Jewellery
 a - the cursed ring of Eternal Harmony {Str+4 Int+3 Dex-5 Stlth--, unknown}
   (You found it on level 5 of the Dungeon)

   [ring of attention]

   It affects your strength (+4).
   It affects your intelligence (+3).
   It affects your dexterity (-5).
   It makes you much less stealthy.
   It has a curse placed upon it.
 j - a ring of wizardry (left hand)
   (You found it on level 3 of the Dungeon)
 k - a +6 ring of protection (right hand)
   (You found it on level 4 of the Dungeon)
 n - a cursed ring of attention {unknown}
   (You found it on level 5 of the Dungeon)
 o - an uncursed ring of protection from fire {unknown}
   (You found it on level 5 of the Dungeon)
 r - a +4 ring of dexterity {unknown}
   (You found it on level 6 of the Dungeon)
 t - an uncursed ring of stealth {unknown}
   (You found it on level 6 of the Dungeon)
 u - an uncursed ring of magical power {unknown}
   (You found it on level 6 of the Dungeon)
Wands
 h - a wand of paralysis (11)
   (You found it on level 3 of the Dungeon)
 p - a wand of polymorph (8)
   (You found it on level 6 of the Dungeon)
Scrolls
 b - a scroll of enchant armour
 c - a scroll of remove curse
 e - 3 scrolls of amnesia
 f - a scroll of magic mapping
 l - a scroll of immolation


   Skills:
 - Level 2.0 Fighting
 - Level 4.0 Dodging
 - Level 2.4 Stealth
 + Level 5.7 Spellcasting
 * Level 5.1 Conjurations
 * Level 8.0 Air Magic


You had 8 spell levels left.
You knew the following spells:

 Your Spells              Type           Power        Failure   Level  Hunger
a - Shock                 Conj/Air       ####.        1%          1    N/A
b - Swiftness             Chrm/Air       ###.....     1%          2    N/A
c - Static Discharge      Air            ####....     1%          3    N/A
d - Airstrike             Air            ####......   1%          4    N/A

Your spell library contained the following spells:

 Spells                   Type           Power        Failure   Level  Hunger
 Poisonous Vapours        Pois/Air       ###...       1%          2    N/A
 Lightning Bolt           Conj/Air       ####......   11%         5    N/A
 Silence                  Hex/Air        ###.......   28%         5    N/A
 Conjure Ball Lightning   Conj/Air       ####......   45%         6    N/A
 Deflect Missiles         Chrm/Air       ###.......   82%         6    N/A
 Freezing Cloud           Ice/Air        ###.......   82%         6    N/A

Dungeon Overview and Level Annotations

Branches:
Dungeon (6/12)             Temple (0/1) D:6

Altars:
Ashenzari
Vehumet
Xom

Annotations:
D:6 exclusion: statue


Innate Abilities, Weirdness & Mutations

You do not eat or drink.
You are immune to poison.
Your flesh is cold resistant. (rC+)
Your body sometimes deteriorates upon taking damage.
You are immune to negative energy. (rN+++)
You regenerate a little health from kills.
You are immune to unholy pain and torment.
You can survive without breathing.
When hurt, damage is shared between your health and your magic reserves.
Your movements are slightly less encumbered by armour. (ER -2)
Casting spells heals you.


Message History

Acquire which item? (Press ! for descriptions.) A: +1 double sword of the Slicing Jester {freeze, rF+ Int-4 Dex+4} B: +0 buckler of poison resistance; C: amulet of faith D: Flugkiller's Grimoire of Icy Air; E: staff of wizardry; F: sack of spiders G: 1562 gold pieces View which item? (Press ! for selection.) A: +1 double sword of the Slicing Jester {freeze, rF+ Int-4 Dex+4} B: +0 buckler of poison resistance; C: amulet of faith D: Flugkiller's Grimoire of Icy Air; E: staff of wizardry; F: sack of spiders G: 1562 gold pieces View which item? (Press ! for selection.) A: +1 double sword of the Slicing Jester {freeze, rF+ Int-4 Dex+4} B: +0 buckler of poison resistance; C: amulet of faith D: Flugkiller's Grimoire of Icy Air; E: staff of wizardry; F: sack of spiders G: 1562 gold pieces View which item? (Press ! for selection.) A: +1 double sword of the Slicing Jester {freeze, rF+ Int-4 Dex+4} B: +0 buckler of poison resistance; C: amulet of faith D: Flugkiller's Grimoire of Icy Air; E: staff of wizardry; F: sack of spiders G: 1562 gold pieces Acquire which item? (Press ! for descriptions.) A: +1 double sword of the Slicing Jester {freeze, rF+ Int-4 Dex+4} B: +0 buckler of poison resistance; C: amulet of faith D: Flugkiller's Grimoire of Icy Air; E: staff of wizardry; F: sack of spiders G: 1562 gold pieces Acquire Flugkiller's Grimoire of Icy Air? (y/n)
Something appears at your feet!
You pick up Flugkiller's Grimoire of Icy Air and begin reading...
You add the spells Poisonous Vapours, Silence, Deflect Missiles, Conjure Ball Lightning and Freezing Cloud to your library.
Okay, then.
Put on which piece of jewellery? (? for menu, Esc to quit)
You're wearing all the rings you can.
Remove which one? (? for menu, Esc to cancel) < or
j - a ring of wizardry; > or
k - a +6 ring of protection
Okay, then.
The centaur unwields a +0 shortbow.
The centaur wields a +1 quarterstaff of crushing.
The centaur hits you but does no damage.
Ssssck.
* * * LOW HITPOINT WARNING * * *
Casting: Shock (safe; 1% risk of failure)
Confirm with . or Enter, or press ? or * to list all spells.
Aiming: Shock (safe; 1% risk of failure)
Press: ? - help, Shift-Dir - straight line, p - centaur The zap hits the centaur but does no damage.
The centaur is severely wounded.
The zap hits the centaur.
The centaur is almost dead.
The centaur hits you with a +1 quarterstaff of crushing!
You die...

###########....P.PP.####.....#
#.....#.......# ####.#####
#.##.#####.#..# #.......
#.#....# #.#..# #.......
###.#..#.# #.#..# #.......
####...#..#.###.#..# #.......
#....###..#.....#..######.#####
#.........#######......##.#
#...#####.# #.@........##[#
#...# #.# #c####........# #...#
#.# #.# #.....#### #...# #.#
#'# #.....# #...# .# ...
#.....# #...# ##..... #.....#
###.. '......####### #..
##......# #......#


You could see a centaur.

Vanquished Creatures
  Pikel (D:4)
  4 slaves (D:4)
  2 sky beasts
  A centaur (D:6)
  3 ogres
  A big kobold (D:6)
  Blork the orc (D:4)
  A bullfrog (D:5)
  A scorpion (D:4)
  A crimson imp (D:6)
  A howler monkey (D:5)
  An orc priest (D:4)
  A bullfrog skeleton (D:4)
  2 hounds
  2 iguanas (D:4)
  3 orc wizards (D:4)
  A worker ant (D:6)
  2 hound skeletons
  Robin (D:2)
  4 adders (D:3)
  2 shadow imps
  4 oozes
  7 worms
  2 dart slugs
  4 leopard geckos
  23 orcs
  2 ball pythons
  2 giant cockroaches
  15 goblins
  10 hobgoblins
  11 jackals
  5 quokkas
  5 bats
  6 frilled lizards
  2 jackal skeletons
  9 kobolds
  5 rats (D:1)
148 creatures vanquished.

Vanquished Creatures (others)
  A plant (D:6)
1 creature vanquished.

Grand Total: 149 creatures vanquished

Notes
Turn   | Place    | Note
-------+----------+-------------------------------------------
     0 | D:1      | Flugkiller the Skeleton Air Elementalist began the quest
                  | for the Orb.
     0 | D:1      | Reached XP level 1. HP: 10/10 MP: 4/4
   193 | D:1      | Reached XP level 2. HP: 10/15 MP: 0/6
   519 | D:1      | Reached XP level 3. HP: 19/19 MP: 4/8
   962 | D:2      | Noticed Robin
  1028 | D:2      | Killed Robin
  1028 | D:2      | Reached skill level 3 in Air Magic
  1200 | D:2      | Reached XP level 4. HP: 24/24 MP: 8/10
  2403 | D:3      | Reached XP level 5. HP: 23/28 MP: 1/12
  2618 | D:3      | Reached skill level 5 in Spellcasting
  2619 | D:3      | Noticed a sky beast
  2677 | D:3      | Learned a level 2 spell: Swiftness
  2681 | D:3      | Learned a level 3 spell: Static Discharge
  2686 | D:3      | Learned a level 4 spell: Airstrike
  3183 | D:3      | Killed a sky beast
  3183 | D:3      | Reached skill level 4 in Air Magic
  3183 | D:3      | Gained mutation: You regenerate a little health from kills.
                  | [Skeleton growth]
  3183 | D:3      | Reached XP level 6. HP: 32/32 MP: 0/13
  3603 | D:4      | Found a shimmering altar of Xom.
  3631 | D:4      | Reached skill level 5 in Air Magic
  3676 | D:4      | Noticed a slave
  3676 | D:4      | Noticed a slave
  3697 | D:4      | Noticed a slave
  3757 | D:4      | Killed a slave
  3758 | D:4      | Killed a slave
  3802 | D:4      | Noticed Pikel
  3802 | D:4      | Noticed a slave
  4011 | D:4      | Found a shattered altar of Ashenzari.
  4021 | D:4      | Noticed Blork the orc
  4064 | D:4      | Reached XP level 7. HP: 31/36 MP: 0/14
  4305 | D:4      | Killed Pikel
  4305 | D:4      | Reached skill level 7 in Air Magic
  4397 | D:4      | Killed Blork the orc
  4397 | D:4      | Reached XP level 8. HP: 41/41 MP: 1/15
  5070 | D:5      | Entered Level 5 of the Dungeon
  5207 | D:5      | Got a pitted pewter ring
  5375 | D:5      | Noticed a troll
  5397 | D:5      | Reached skill level 1 in Fighting
  6045 | D:6      | Found a radiant altar of Vehumet.
  6471 | D:6      | Reached skill level 5 in Conjurations
  6518 | D:6      | Found a staircase to the Ecumenical Temple.
  6636 | D:6      | Reached skill level 8 in Air Magic
  6674 | D:6      | Identified a scroll of acquirement
  6674 | D:6      | Identified the +1 double sword of the Slicing Jester
                  | {freeze, rF+ Int-4 Dex+4} (You acquired it on level 6 of
                  | the Dungeon)
  6674 | D:6      | Identified Flugkiller's Grimoire of Icy Air (You acquired
                  | it on level 6 of the Dungeon)
  6678 | D:6      | Slain by a centaur

Skill      XL: |  1  2  3  4  5  6  7  8 |
---------------+-------------------------+-----
Conjurations   | 2 3 5 |  5.1
Spellcasting   | 4 5 |  5.7
Air Magic      | 3 4 5 7 8 |  8.0
Fighting       | 2 |  2.0
Dodging        | 4 |  4.0
Stealth        | |  2.4

Action                   |  1- 3 |  4- 6 |  7- 9 || total
-------------------------+-------+-------+-------++-------
Melee: Unarmed           |    11 |    11 |       ||    22
       Short sword       |       |    48 |     8 ||    56
 Cast: Shock             |    82 |   218 |   104 ||   404
       Airstrike         |       |    12 |    24 ||    36
  Use: Scroll            |       |     3 |     3 ||     6
Armor: Robe              |    18 |    21 |     8 ||    47
       Leather armour    |       |       |    14 ||    14
Dodge: Dodged            |    38 |    50 |    36 ||   124
